 Dungeon Crawl Stone Soup version 0.24-a0-521-g122614bf49 (webtiles) character file.

Game seed: 9600725108685463504

642024 Froggeryz the Axe Maniac (level 27, -4/273 HPs)
             Began as a Minotaur Berserker on July 28, 2019.
             Was the Champion of Trog.
             Killed from afar by an orb of fire (13 damage)
             ... with a bolt of fire
             ... on level 5 of the Realm of Zot on July 29, 2019.
             The game lasted 03:03:44 (66933 turns).

Froggeryz the Axe Maniac (Minotaur Berserker)      Turns: 66933, Time: 03:03:45

Health: -4/273     AC: 42    Str: 38    XL:     27
Magic:  15/15      EV: 19    Int: 11    God:    Trog [******]
Gold:   5680       SH:  4    Dex: 18    Spells: 26/26 levels left

rFire    + . .     SeeInvis .   P - +9 executioner's axe (antimagic)
rCold    + + +     Gourm    .   (shield currently unavailable)
rNeg     + . .     Faith    .   m - +8 crystal plate armour
rPois    +         Spirit   .   v - +1 hat {Int+3}
rElec    +         Reflect  +   T - scarf {cloud immunity}
rCorr    +         Harm     .   S - +0 pair of gloves of the Raven {rElec rC+}
MR       ++++.     Rnd*Rage +   W - +0 pair of boots {run}
Stlth    ..........             l - +4 amulet of reflection
HPRegen  1.55/turn              K - ring "Likhlialui" {MP+9 Int+4 Slay+3}
MPRegen  0.14/turn              w - ring of Uhanan {rC+ rN+ Str+4}

@: mighty, resistant, regenerating, studying Short Blades, quick
A: retaliatory headbutt, hooves 1, horns 2, berserk 1, strong 1
}: 3/15 runes: decaying, serpentine, silver
a: Berserk, Trog's Hand, Brothers in Arms, Renounce Religion


You were on level 5 of the Realm of Zot.
You worshipped Trog.
Trog was exalted by your worship.
You were very full.

You visited 9 branches of the dungeon, and saw 49 of its levels.
You also visited: Gauntlet, Ice Cave, Volcano and Wizlab.

You collected 8302 gold pieces.
You spent 2622 gold pieces at shops.

Inventory:

Hand Weapons
 z - a +5 executioner's axe of chopping
 F - the +9 staff of Wucad Mu {channel}
   (You found it in a wizard's laboratory)
 P - a +9 antimagic executioner's axe (weapon)
Missiles
 B - 54 silver javelins (quivered)
Armour
 m - a +8 crystal plate armour (worn)
 v - a +1 hat of intelligence (worn)
 S - the +0 pair of gloves of the Raven (worn) {rElec rC+}
   (You acquired it on level 14 of the Dungeon)

   It protects you from cold.
   It insulates you from electricity.
 T - a scarf of cloud immunity (worn)
 U - a +2 cloak of cold resistance
 W - a +0 pair of boots of running (worn)
Jewellery
 h - an uncursed ring of poison resistance
 k - an uncursed ring of resist corrosion
 l - a +4 amulet of reflection (around neck)
 r - an uncursed ring of protection from fire
 w - the ring of Uhanan (right hand) {rC+ rN+ Str+4}
   (You found it in a Gauntlet)

   [ring of positive energy]

   It affects your strength (+4).
   It protects you from cold.
   It protects you from negative energy.
 A - a +2 ring of dexterity
 J - the ring of Pyromania {+Blink rF- rC+ rN+++ Int-3}
   (You found it on level 3 of the Depths)

   [ring of protection from cold]

   It affects your intelligence (-3).
   It makes you vulnerable to fire.
   It protects you from cold.
   It renders you almost immune to negative energy.
   It lets you blink.
 K - the ring "Likhlialui" (left hand) {MP+9 Int+4 Slay+3}
   (You found it on level 1 of the Snake Pit)

   [ring of magical power]

   It affects your intelligence (+4).
   It affects your accuracy and damage with ranged weapons and melee attacks
   (+3).
   It affects your magic capacity (+9).
 O - an uncursed ring of protection from cold
 Y - an uncursed ring of magical power
 Z - an uncursed amulet of harm
Wands
 e - a wand of iceblast (28)
 u - a wand of random effects (21)
 y - a wand of disintegration (45)
 C - a wand of scattershot (11)
 E - a wand of clouds (5)
 I - a wand of acid (36)
 N - a wand of digging (9)
Scrolls
 b - 14 scrolls of identify
 d - 22 scrolls of remove curse
 g - 22 scrolls of teleportation
 n - 7 scrolls of magic mapping
 t - 5 scrolls of fog
 G - 7 scrolls of blinking
 L - 3 scrolls of holy word
 Q - 5 scrolls of fear
 R - 3 scrolls of summoning
Potions
 f - 2 potions of cancellation
 i - 10 potions of curing
 j - 4 potions of agility
 o - 5 potions of haste
 p - 4 potions of flight
 q - 7 potions of invisibility
 s - 6 potions of resistance
 x - 2 potions of ambrosia
 M - 5 potions of might
 X - a potion of magic
Books
 H - a manual of Short Blades
Miscellaneous
 a - 2 sacks of spiders
 V - 3 phantom mirrors
Comestibles
 c - 65 rations


   Skills:
 O Level 27 Fighting
 O Level 27 Axes
 - Level 7.3 Throwing
 + Level 23.8 Armour
 + Level 15.4 Dodging
 + Level 21.5 Evocations


You had 26 spell levels left.
You didn't know any spells.
Your spell library contained the following spells:

 Spells                   Type           Power        Failure   Level  Hunger
 Static Discharge         Conj/Air       #.......     99%         3    ####...
 Summon Lightning Spire   Summ/Air       #.......     100%        4    #####..
 Lightning Bolt           Conj/Air       #.........   100%        5    ######.
 Silence                  Hex/Air        #.........   100%        5    ######.
 Conjure Ball Lightning   Conj/Air       #.........   100%        6    #######
 Deflect Missiles         Chrm/Air       #.........   100%        6    #######
 Ignition                 Fire           #.........   100%        8    #######
 Shatter                  Erth           #.........   100%        9    #######
 Tornado                  Air            #.........   100%        9    #######


Dungeon Overview and Level Annotations

Branches:
Dungeon (15/15)            Temple (0/1) D:7            Lair (6/6) D:8
  Swamp (4/4) Lair:3        Snake (4/4) Lair:4        Slime (0/5) Lair:6
    Orc (2/2) D:12            Elf (3/3) Orc:2        Vaults (5/5) D:13
  Crypt (0/3) Vaults:3     Depths (5/5) D:15            Zot (5/5) Depths:5

Altars:
Ashenzari
Elyvilon
Kikubaaqudgha
Makhleb
Qazlal
Ru
Sif Muna
Trog
Jiyva

Shops:
D:5 ?   D:14 ?}!?*   Orc:2 %!}*   Elf:1 (   Elf:2 }?(}   Snake:2 }}=
Snake:4 %   Vaults:1 [[}[   Vaults:4 (

Portals:
Hell: Depths:1 Depths:2 Depths:3 Depths:4 Depths:5
Abyss: Depths:1 Depths:4
Pandemonium: Depths:3 Depths:4 Depths:5
Ziggurat: Depths:2
Trove: D:10 (give 6 potions of haste)

Annotations:
Lair:3 exclusion: oklob plant
Lair:4 exclusion: downstairs
Depths:1 1 runed translucent door, exclusion: orange crystal statue
Depths:5 1 runed translucent door, Quasyips's ghost, veteran MiFi
Zot:1 3 runed translucent doors, prcrtr's ghost, adept FeEn
Zot:3 2 runed translucent doors, Peloso's ghost, legendary MiFi
Zot:5 1 exclusion


Innate Abilities, Weirdness & Mutations

You reflexively headbutt those who attack you in melee.
You have a pair of horns on your head.
You have large cloven feet.
You tend to lose your temper in combat.
Your muscles are strong. (Str +2)


Message History

Evoke which item? (* to show all) (? for menu, Esc to quit)
Aiming: Phantom Mirror
Press: ? - help, Dir - move target cursor, f - orb of fire
Aim: an orb of fire (lightly damaged)
You reflect the orb of fire with the mirror, and the mirror shatters!
The electric golem blinks!
Your orb of fire emits a lurid red light.
The fireball explodes!
The fireball engulfs the orb of fire.
The orb of fire completely resists.
The fireball engulfs the Orb Guardian!!!!
The fireball engulfs your orb of fire.
Your orb of fire completely resists.
Unknown command.
Your orb of fire glows yellow.
The bolt of fire hits the orb of fire.
The orb of fire completely resists.
Trog accepts your kill.
You feel a bit more experienced.
The orb of fire glows yellow.
The bolt of fire hits you! You resist.
You die...

########## ▓▓########.########▓
........^## #........)......#
..........## #.............##
..^........## #.............#
...^........# ##...........##
............# #...........#
.)....^.....# ##...........##
.......X....# #.^...........#
........D...# ##@............#
....8..X....###...............#
^........X.###...###########...#
.........X##....## #....
........§X.**.### ##..
.##▓▓▓▓▓▓▓▓▓▓▓# ▓▓


You could see an orb of fire and a friendly orb of fire.

Vanquished Creatures
  2 ancient liches (Vaults:5)
  A juggernaut (Depths:2)
  A greater mummy (Depths:4)
  the Lernaean hydra (Swamp:4)
  A Killer Klown (Zot:3)
  Vashnia (Snake:2)
  2 curse toes
  6 golden dragons
  18 tentacled monstrosities
  An Ice Fiend (IceCv)
  7 Orb Guardians (Zot:5)
  A lich (Depths:3)
  4 quicksilver dragons
  6 titans
  2 deep elf blademasters
  5 sphinxes
  6 death cobs
  3 draconian monks
  9 shadow dragons
  Kirke (D:14)
  A storm dragon (shapeshifter) (Depths:5)
  12 nagarajas
  7 storm dragons
  11 tengu reavers
  10 fire giants
  2 draconian knights
  The ghost of Froggeryz the Martial Artist, an adept GnTm of Qazlal (Snake:1)
  16 vault wardens
  2 iron dragons
  A fire giant (shapeshifter) (Vaults:2)
  Louise (D:15)
  9 deep elf sorcerers
  4 draconian scorchers
  The ghost of Saakh the Imperceptible, an adept SpEn of Gozag (Snake:1)
  3 deep elf elementalists
  8 frost giants
  A juggernaut zombie (Depths:3)
  Aizul (Swamp:4)
  5 ghost moths
  3 draconian annihilators
  3 draconian shifters
  A spriggan defender (Depths:3)
  19 ironheart preservers
  3 draconian stormcallers
  25 very ugly things
  24 stone giants
  9 deep elf demonologists
  An entropy weaver (Vaults:4)
  11 green draconians
  3 war gargoyles (Vaults:5)
  3 black draconians
  3 vampire knights
  10 red draconians
  11 yellow draconians
  7 deep elf annihilators
  A dire elephant (Lair:6)
  A minotaur (Gauntlet)
  8 white draconians
  A spark wasp (shapeshifter) (Vaults:5)
  Azrael (Orc:2)
  9 spark wasps
  10 purple draconians
  8 ettins
  An orange crystal statue (WizLab)
  9 deep elf death magi
  2 crystal guardians
  2 jiangshi (Depths:5)
  17 yaktaur captains
  A quicksilver dragon zombie (Depths:4)
  31 vault guards
  9 fire dragons
  19 ogre magi
  5 ice dragons
  11 great orbs of eyes
  A quicksilver dragon skeleton (Depths:3)
  6 deep elf high priests
  10 naga warriors
  3 catoblepae
  5 spriggan air magi
  2 ghost crabs (Swamp:3)
  19 hydras
  10 rakshasas
  11 centaur warriors
  A shambling mangrove (Swamp:2)
  An anaconda (shapeshifter) (Vaults:1)
  4 death knights
  20 alligators
  23 anacondas
  28 dancing weapons
  2 deep troll earth magi (Depths:1)
  4 tengu warriors
  8 death yaks
  55 two-headed ogres
  7 deep troll shamans
  A two-headed ogre (shapeshifter) (Vaults:5)
  A vampire mage (Depths:5)
  7 shock serpents
  A storm dragon zombie (Depths:4)
  A titan zombie (Depths:4)
  Sonja (Lair:3)
  3 spriggan berserkers
  36 deep elf knights
  23 naga sharpshooters
  A sun demon (Depths:5)
  A small abomination (Elf:3)
  3 hell knights (Depths:3)
  11 skeletal warriors
  5 salamander mystics
  2 sixfirhies (Depths:5)
  20 deep trolls
  2 sea snakes (Snake:3)
  2 shadow wraiths
  A spriggan druid (Swamp:4)
  3 wizards
  A quicksilver dragon simulacrum (Vaults:5)
  3 flayed ghosts
  15 swamp dragons
  A deep troll (shapeshifter) (Depths:5)
  9 naga ritualists
  3 unseen horrors
  An unseen horror (shapeshifter) (Vaults:1)
  A tengu zombie (Depths:2)
  5 glowing orange brains
  2 shadow dragon zombies
  23 ironbrand convokers
  5 lindwurms
  3 harpies (Vaults:5)
  3 phantasmal warriors
  10 necromancers
  22 deep elf archers
  4 orc sorcerers
  A sphinx zombie (Depths:2)
  Pikel (D:7)
  11 orc knights
  12 mana vipers
  51 ugly things
  A wolf spider (shapeshifter) (Vaults:5)
  A faun (shapeshifter) (Vaults:4)
  A fire giant zombie (Depths:4)
  A sphinx skeleton (Vaults:5)
  4 wolf spiders
  A frost giant zombie (Depths:2)
  78 deep elf magi
  6 cyclopes
  5 manticores
  9 moths of wrath
  A fire giant skeleton (Depths:2)
  A frost giant skeleton (Vaults:5)
  A stone giant zombie (Depths:2)
  14 salamanders
  5 elf zombies
  19 vault sentinels
  13 guardian serpents
  2 rust devils (Depths:5)
  A salamander (shapeshifter) (Depths:5)
  A guardian serpent (shapeshifter) (Vaults:5)
  2 ice statues
  49 black mambas
  A torpor snail (Lair:6)
  21 naga magi
  A spriggan zombie (Depths:4)
  7 centaur zombies
  8 elephants
  4 gargoyles
  A torpor snail (shapeshifter) (Depths:5)
  A spiny frog (shapeshifter) (Vaults:1)
  A yaktaur (shapeshifter) (Depths:1)
  A hellion (Depths:5)
  19 spiny frogs
  71 yaktaurs
  A yaktaur zombie (Vaults:5)
  3 rime drakes
  A kobold demonologist (D:14)
  An efreet (D:15)
  11 freezing wraiths
  3 tengu conjurers
  14 komodo dragons
  3 guardian mummies (Depths:4)
  5 anaconda simulacra (IceCv)
  7 ice devils (IceCv)
  4 polar bears
  6 trolls
  A jumping spider (shapeshifter) (Depths:2)
  A yaktaur skeleton (Vaults:5)
  3 queen bees (shapeshifter)
  12 hippogriffs
  14 blink frogs
  13 hornets
  19 bog bodies
  8 tyrant leeches
  2 dream sheep (Lair:6)
  27 slime creatures
  A snapping turtle (shapeshifter) (Depths:5)
  4 spriggans (Swamp:4)
  2 air elementals
  4 centaur simulacra
  A redback (shapeshifter) (Vaults:5)
  6 fire elementals
  4 shadows
  7 wraiths
  3 dire elephant simulacra (IceCv)
  A redback (Vaults:4)
  An ettin skeleton (Depths:2)
  60 yaks
  2 fire bats (Volcano)
  3 vampires (Vaults:3)
  2 wyverns
  A hog (shapeshifter) (Vaults:2)
  A basilisk (shapeshifter) (Depths:3)
  7 water elementals
  4 humans
  2 hungry ghosts
  A slave (D:7)
  Grum (D:9)
  6 hogs
  30 vampire mosquitoes
  2 basilisks
  A steam dragon (Lair:6)
  Menkaure (D:6)
  4 wargs
  A death yak simulacrum (IceCv)
  6 insubstantial wisps (Swamp:1)
  3 harpy simulacra (IceCv)
  14 swamp worms
  An acid dragon (Lair:6)
  A soldier ant (D:14)
  A human skeleton (Depths:2)
  Duvessa (D:7)
  4 hydra simulacra (IceCv)
  55 nagas
  18 water moccasins
  A floating eye (shapeshifter) (Depths:2)
  3 porcupines
  4 floating eyes
  An ogre skeleton (Vaults:1)
  2 black bears
  4 ettin simulacra (IceCv)
  5 hell hounds
  A phantom (D:7)
  4 sky beasts
  18 swamp drakes
  9 ice beasts
  29 orc warriors
  2 hornet zombies
  5 necrophages
  52 ogres
  4 boggarts (Vaults:2)
  8 wolves
  An eye of draining (shapeshifter) (Depths:1)
  31 centaurs
  An eye of draining (D:13)
  An orc skeleton (Vaults:1)
  13 crocodiles
  3 human zombies
  2 big kobolds
  16 bullfrogs
  A wyvern zombie (D:13)
  An earth elemental (Elf:3)
  A glowing shapeshifter simulacrum (Depths:2)
  A water moccasin zombie (D:4)
  A hornet simulacrum (Gauntlet)
  Dowan (D:7)
  2 scorpions
  An elephant simulacrum (IceCv)
  19 killer bees
  7 wights
  7 howler monkeys
  2 electric eels
  8 jellies
  10 crimson imps
  3 draconian simulacra (IceCv)
  5 hounds
  4 quasits
  A wyvern simulacrum (Gauntlet)
  A bullfrog zombie (D:12)
  2 human simulacra
  A bullfrog skeleton (D:12)
  2 gnoll shamans
  11 orc priests
  31 orc wizards
  2 iron imps
  5 centaur skeletons
  6 iguanas
  7 hell rats (Lair:6)
  2 troll simulacra (IceCv)
  11 worker ants
  A wolf simulacrum (IceCv)
  A killer bee zombie (D:6)
  A hound zombie (D:6)
  2 hound skeletons
  7 mummies (Depths:4)
  3 worker ant zombies
  11 gnolls
  7 adders
  3 naga simulacra (IceCv)
  An ogre simulacrum (IceCv)
  3 shadow imps
  13 white imps
  7 ufetubi
  18 oozes
  4 adder zombies
  2 adder skeletons
  3 worms
  3 dart slugs
  13 leopard geckos
  98 orcs
  A ball python (D:2)
  8 giant cockroaches
  6 goblins
  12 hobgoblins
  16 jackals
  6 quokkas
  12 bats
  4 frilled lizards
  13 kobolds
  2 quokka skeletons
  A quokka zombie (D:6)
  8 rats
  A bush (Swamp:4)
  7 fungi
  14 plants
2454 creatures vanquished.

Vanquished Creatures (collateral kills)
  An Orb Guardian (Zot:5)
  A fire giant (Vaults:5)
  A vault warden (Vaults:5)
  An ironheart preserver (Vaults:5)
  A very ugly thing (Vaults:1)
  A deep elf demonologist (Vaults:5)
  2 deep elf knights (Vaults:5)
  A deep elf archer (Vaults:5)
  An ironbrand convoker (Vaults:5)
  A necromancer (Vaults:1)
  2 orc knights (Vaults:1)
  A deep elf mage (Vaults:5)
  3 yaktaurs (Vaults:1)
  2 orc warriors (Vaults:1)
  An orc (Vaults:1)
20 creatures vanquished.

Vanquished Creatures (others)
  A vault guard (Vaults:5)
  A two-headed ogre (Volcano)
  A naga sharpshooter (Snake:4)
  A deep troll (Vaults:5)
  An ugly thing (Depths:5)
  A slime creature (Swamp:1)
  An acid dragon (shapeshifter) (Depths:4)
  3 slaves (D:7)
  A sky beast (D:7)
  A human (D:8)
  An orc wizard (Orc:2)
  A white imp (IceCv)
  A bush (Lair:5)
  22 fungi
  38 plants
75 creatures vanquished.

Grand Total: 2549 creatures vanquished

Notes
Turn   | Place    | Note
-------+----------+-------------------------------------------
     0 | D:1      | Froggeryz the Minotaur Berserker began the quest for the
                  | Orb.
     0 | D:1      | Reached XP level 1. HP: 19/19 MP: 0/0
   327 | D:1      | Reached XP level 2. HP: 25/27 MP: 1/1
   724 | D:1      | Reached ** piety under Trog
   755 | D:1      | Found a shattered altar of Ashenzari.
   801 | D:1      | Reached XP level 3. HP: 33/33 MP: 2/2
  1095 | D:2      | Reached skill level 5 in Axes
  1225 | D:2      | Reached XP level 4. HP: 34/41 MP: 3/3
  1312 | D:2      | Reached *** piety under Trog
  1481 | D:2      | Reached XP level 5. HP: 47/47 MP: 4/4
  1765 | D:2      | Reached skill level 5 in Fighting
  2184 | D:3      | Reached **** piety under Trog
  2235 | D:3      | You fall into a shaft and drop 2 floors!
  2235 | D:5      | Entered Level 5 of the Dungeon
  2907 | D:4      | Noticed an ogre
  2913 | D:4      | Killed an ogre
  2913 | D:4      | Reached XP level 6. HP: 22/56 MP: 5/5
  3381 | D:4      | Noticed an air elemental
  3383 | D:4      | Found a stormy altar of Qazlal.
  3384 | D:4      | Noticed a fire elemental
  3384 | D:4      | Noticed a water elemental
  4102 | D:5      | Found a sacrificial altar of Ru.
  4181 | D:5      | Found Lirpheyxa's Magic Scroll Shoppe.
  4187 | D:5      | Bought a scroll of fog for 24 gold pieces
  4548 | D:5      | Reached XP level 7. HP: 49/61 MP: 6/6
  4761 | D:6      | Found a bloodstained altar of Trog.
  4780 | D:6      | Noticed Menkaure
  4788 | D:6      | Reached skill level 10 in Axes
  4791 | D:6      | Killed Menkaure
  4805 | D:6      | Reached XP level 8. HP: 54/68 MP: 7/7
  4836 | D:6      | Found a white marble altar of Elyvilon.
  5164 | D:6      | Found a burning altar of Makhleb.
  5516 | D:7      | Noticed Dowan
  6018 | D:7      | Reached XP level 9. HP: 67/74 MP: 8/8
  6064 | D:7      | Reached skill level 5 in Armour
  6094 | D:7      | Noticed Duvessa
  6172 | D:7      | Killed Dowan
  6349 | D:7      | Noticed Pikel
  6358 | D:7      | Killed Pikel
  6608 | D:7      | You fall into a shaft and drop 1 floor!
  6852 | D:7      | Killed Duvessa
  6913 | D:7      | Found a staircase to the Ecumenical Temple.
  7347 | D:8      | Reached ***** piety under Trog
  7532 | D:8      | Found a deep blue altar of Sif Muna.
  7718 | D:8      | Found a staircase to the Lair.
  7855 | D:8      | Reached XP level 10. HP: 41/81 MP: 9/9
  8123 | D:8      | Found an ancient bone altar of Kikubaaqudgha.
  8175 | D:8      | Received a gift from Trog
  8501 | D:9      | Found an ancient bone altar of Kikubaaqudgha.
  8501 | D:9      | Noticed Grum
  8508 | D:8      | Reached skill level 15 in Axes
  8611 | D:9      | Killed Grum
  9342 | D:10     | Entered Level 10 of the Dungeon
  9812 | Lair:1   | Entered Level 1 of the Lair of Beasts
 10025 | Lair:1   | Noticed a black mamba
 10043 | Lair:1   | Killed a black mamba
 10173 | Lair:1   | Noticed a spiny frog
 10185 | Lair:1   | Killed a spiny frog
 10274 | Lair:1   | Noticed a spiny frog
 10284 | Lair:1   | Killed a spiny frog
 10284 | Lair:1   | Received a gift from Trog
 10284 | Lair:1   | Reached XP level 11. HP: 80/86 MP: 10/10
 10403 | Lair:1   | Reached skill level 10 in Armour
 11208 | Lair:2   | Noticed a seven-headed hydra
 11216 | Lair:2   | Killed a three-headed hydra
 11308 | Lair:2   | Found a dark tunnel.
 11328 | Volcano  | Entered a volcano
 11391 | Volcano  | Noticed a two-headed ogre
 11395 | Volcano  | Killed a two-headed ogre
 11407 | Volcano  | Noticed a two-headed ogre
 11410 | Volcano  | Killed a two-headed ogre
 11434 | Volcano  | Killed a two-headed ogre
 12257 | Lair:3   | Noticed Sonja
 12269 | Lair:3   | Killed Sonja
 12334 | Lair:3   | Found a staircase to the Swamp.
 12358 | Lair:3   | Reached XP level 12. HP: 98/100 MP: 11/11
 12462 | Lair:3   | Noticed a six-headed hydra
 12471 | Lair:3   | Killed a two-headed hydra
 13193 | Lair:4   | Found a staircase to the Snake Pit.
 13535 | Lair:4   | Found the +7 Spriggan's Knife {stab, EV+4 Stlth+}
 14805 | Lair:5   | Noticed an eight-headed hydra
 14810 | Lair:5   | Killed a three-headed hydra
 14835 | Lair:5   | Reached XP level 13. HP: 72/112 MP: 10/12
 14974 | Lair:5   | Reached skill level 10 in Fighting
 15791 | Lair:6   | Entered Level 6 of the Lair of Beasts
 16254 | Lair:6   | Received a gift from Trog
 16274 | Lair:6   | Got a steaming hand axe {god gift}
 16279 | Lair:6   | Identified the +8 hand axe "Nolet" {chop, rElec Int-5
                  | Dex+3} (Trog gifted it to you on level 6 of the Lair of
                  | Beasts)
 16294 | Lair:6   | Noticed a dire elephant
 16301 | Lair:6   | Killed a dire elephant
 17125 | Lair:6   | Reached XP level 14. HP: 124/124 MP: 13/13
 17371 | Lair:6   | Found a staircase to the Slime Pits.
 17374 | Lair:6   | Found a viscous altar of Jiyva.
 18004 | D:10     | Reached ****** piety under Trog
 18004 | D:10     | Received a gift from Trog
 18010 | D:10     | Got an ichor-stained battleaxe {god gift}
 18011 | D:10     | Identified the +7 battleaxe of Infinite Pain {chop, rN+
                  | Str+2 Dex-5 SInv} (Trog gifted it to you on level 10 of the
                  | Dungeon)
 18204 | D:10     | Found a portal to a secret trove of treasure.
 19263 | D:12     | Found a staircase to the Orcish Mines.
 19611 | D:12     | Identified the +10 great sword "Sofivigy" {speed, rElec
                  | rPois Str+3}
 19802 | D:12     | Received a gift from Trog
 20153 | D:12     | Reached skill level 1 in Throwing
 20545 | Orc:1    | Entered Level 1 of the Orcish Mines
 20873 | Orc:2    | Entered Level 2 of the Orcish Mines
 20880 | Orc:2    | Found a gate leading to a gauntlet.
 20889 | Gauntlet | Entered a Gauntlet
 20889 | Gauntlet | Found a transporter.
 20892 | Gauntlet | Found a transporter.
 20894 | Gauntlet | Found a transporter.
 20909 | Gauntlet | Found a transporter.
 20911 | Gauntlet | Found a transporter.
 20923 | Gauntlet | Found a transporter.
 20938 | Gauntlet | Found a transporter.
 20948 | Gauntlet | Found a transporter.
 20953 | Gauntlet | Found a transporter.
 20955 | Gauntlet | Found a transporter.
 20973 | Gauntlet | Found a transporter.
 20980 | Gauntlet | Found a transporter.
 20982 | Gauntlet | Found a transporter.
 21023 | Gauntlet | Found a transporter.
 21097 | Gauntlet | Reached skill level 15 in Armour
 21104 | Gauntlet | Got a scorched wooden ring
 21105 | Gauntlet | Identified the ring "Juosucyd" {Ice Dex+3} (You found it in
                  | a Gauntlet)
 21149 | Gauntlet | Got a brightly glowing brass ring
 21172 | Gauntlet | Identified the +8 great mace "Ynwol" {venom, *Corrode rPois
                  | rF+ rC+++}
 21173 | Gauntlet | Found the +2 pair of boots of the Assassin {Detection Stab+
                  | Stlth++}
 21293 | Orc:2    | Noticed Azrael
 21294 | Orc:2    | Received a gift from Trog
 21305 | Orc:2    | Killed Azrael
 21620 | Orc:2    | Reached XP level 15. HP: 128/135 MP: 12/14
 21661 | Orc:2    | Received a gift from Trog
 21677 | Orc:2    | Paralysed by an ogre mage for 7 turns
 21695 | Orc:2    | Found Wuoff's Gadget Emporium.
 21695 | Orc:2    | Found Urivec's Food Boutique.
 21695 | Orc:2    | Found Kux Fatseb's General Store.
 21695 | Orc:2    | Found Sihife's Distillery.
 21695 | Orc:2    | Found a staircase to the Elven Halls.
 22024 | Orc:2    | Bought a potion of haste for 170 gold pieces
 22024 | Orc:2    | Bought a potion of haste for 170 gold pieces
 22567 | Orc:1    | Received a gift from Trog
 23016 | Orc:1    | Reached skill level 5 in Throwing
 23416 | D:13     | Identified the ring of Uhanan {rC+ rN+ Str+4} (You found it
                  | in a Gauntlet)
 23771 | D:13     | Received a gift from Trog
 24051 | D:13     | Found a gate to the Vaults.
 24226 | D:14     | Found Rafeasif's Magic Scroll Shoppe.
 24260 | D:14     | Bought a scroll of blinking for 97 gold pieces
 24260 | D:14     | Bought a scroll of blinking for 97 gold pieces
 24260 | D:14     | Bought a scroll of enchant armour for 97 gold pieces
 24304 | D:14     | Identified 3 scrolls of acquirement
 24310 | D:14     | Got a pair of bloodstained gloves
 24365 | D:14     | Gained mutation: Scrolls take you a little longer to read.
                  | [potion of mutation]
 24365 | D:14     | Gained mutation: Your body sometimes deteriorates upon
                  | taking damage. [potion of mutation]
 24365 | D:14     | Gained mutation: You have sharp toenails. [potion of
                  | mutation]
 24365 | D:14     | Gained mutation: Your spells are a little harder to cast,
                  | but a little more powerful. [potion of mutation]
 24366 | D:14     | Lost mutation: You have sharp toenails. [potion of
                  | mutation]
 24366 | D:14     | Lost mutation: Your spells are a little harder to cast, but
                  | a little more powerful. [potion of mutation]
 24366 | D:14     | Lost mutation: Scrolls take you a little longer to read.
                  | [potion of mutation]
 24366 | D:14     | Lost mutation: Your body sometimes deteriorates upon taking
                  | damage. [potion of mutation]
 24366 | D:14     | Gained mutation: Your muscles are strong. (Str +2) [potion
                  | of mutation]
 24366 | D:14     | Gained mutation: You have large cloven feet. [potion of
                  | mutation]
 24418 | D:14     | Reached XP level 16. HP: 99/146 MP: 12/15
 24641 | D:14     | Found Esiogof's Distillery.
 24648 | D:14     | Found Suilepecwi's Assorted Antiques.
 24661 | D:14     | Bought a scroll of fog for 68 gold pieces
 24661 | D:14     | Bought a scroll labeled DUFAOS SAIS DYE for 34 gold pieces
 24788 | D:14     | Bought a potion of heal wounds for 90 gold pieces
 24851 | D:14     | Found Qothupo's Gadget Shoppe.
 25013 | D:14     | Noticed Kirke
 25024 | D:14     | Killed Kirke
 25032 | D:14     | Found Yjalui's Magic Scroll Emporium.
 25043 | D:14     | Bought a scroll of blinking for 97 gold pieces
 25157 | D:14     | Received a gift from Trog
 25403 | D:14     | Bought a scroll of identify for 26 gold pieces
 25403 | D:14     | Identified the +0 pair of gloves of the Raven {rElec rC+}
                  | (You acquired it on level 14 of the Dungeon)
 25519 | D:15     | Entered Level 15 of the Dungeon
 25519 | D:15     | Noticed Louise
 25528 | D:15     | Killed Louise
 26018 | D:15     | Found a staircase to the Depths.
 26286 | Swamp:1  | Entered Level 1 of the Swamp
 26505 | Swamp:1  | Received a gift from Trog
 26520 | Swamp:1  | Reached skill level 15 in Fighting
 28177 | Swamp:3  | Reached XP level 17. HP: 151/156 MP: 16/16
 28207 | Swamp:3  | Reached skill level 5 in Dodging
 28273 | Swamp:3  | Received a gift from Trog
 28900 | Swamp:4  | Entered Level 4 of the Swamp
 29212 | Swamp:4  | Noticed Aizul
 29606 | Swamp:4  | Received a gift from Trog
 29629 | Swamp:4  | Killed Aizul
 29782 | Swamp:4  | Noticed the 27-headed Lernaean hydra
 29791 | Swamp:4  | Killed the 24-headed Lernaean hydra
 29813 | Swamp:4  | Got a decaying rune of Zot
 30349 | Snake:1  | Entered Level 1 of the Snake Pit
 30391 | Snake:1  | Got a distressingly furry plate armour
 30404 | Snake:1  | Found a frozen archway.
 30424 | IceCv    | Entered an ice cave
 30761 | IceCv    | Received a gift from Trog
 30799 | IceCv    | Noticed an Ice Fiend
 30826 | IceCv    | Killed an Ice Fiend
 31234 | Snake:1  | Identified the cursed +0 plate armour "Vefen" {rElec rPois
                  | Dex+4} (You found it on level 1 of the Snake Pit)
 31273 | Snake:1  | Found a runed translucent gate.
 31273 | Snake:1  | Found a runed translucent gate.
 31273 | Snake:1  | Found a runed translucent gate.
 31273 | Snake:1  | Noticed Saakh's ghost (adept SpEn)
 31277 | Snake:1  | Noticed Froggeryz's ghost (adept GnTm)
 31316 | Snake:1  | Killed Froggeryz's ghost
 31347 | Snake:1  | Killed Saakh's ghost
 31362 | Snake:1  | Got a flickering brass ring
 32164 | Snake:1  | Reached XP level 18. HP: 87/168 MP: 2/17
 32885 | Snake:2  | Identified the ring "Likhlialui" {MP+9 Int+4 Slay+3} (You
                  | found it on level 1 of the Snake Pit)
 33009 | Snake:2  | Found a burning altar of Makhleb.
 33050 | Snake:2  | Received a gift from Trog
 33543 | Snake:2  | Noticed Vashnia
 34312 | Snake:2  | Found Vathratust's Jewellery Emporium.
 34312 | Snake:2  | Found Utybyqud's Gadget Shop.
 34313 | Snake:2  | Found Daufy's Gadget Shop.
 34320 | Snake:2  | Bought a +4 amulet of reflection for 432 gold pieces
 34452 | Snake:2  | Killed Vashnia
 34951 | Snake:3  | Received a gift from Trog
 35205 | Snake:3  | Reached skill level 10 in Dodging
 35443 | Snake:4  | Entered Level 4 of the Snake Pit
 35828 | Snake:4  | Identified the +10 shortbow of the Many Suns {speed, rN+}
 36284 | Snake:4  | Received a gift from Trog
 36323 | Snake:4  | Reached skill level 1 in Evocations
 36331 | Snake:4  | Received a gift from Trog
 36355 | Snake:4  | Reached XP level 19. HP: 116/178 MP: 6/19
 36584 | Snake:4  | Received a gift from Trog
 36924 | Snake:4  | Reached skill level 27 in Axes
 37185 | Snake:4  | Found Hoges's Food Shop.
 37770 | Snake:4  | Reached skill level 5 in Evocations
 37933 | Snake:4  | Received a gift from Trog
 38183 | Snake:4  | Got a serpentine rune of Zot
 38620 | Elf:1    | Entered Level 1 of the Elven Halls
 39017 | Elf:1    | Found Hedwij's Antique Weapon Emporium.
 39060 | Elf:1    | Got a faintly glowing hat
 40207 | Elf:2    | Received a gift from Trog
 40346 | Elf:2    | Found a huge runed translucent gate.
 40346 | Elf:2    | Found a huge runed translucent gate.
 40347 | Elf:2    | Found a huge runed translucent gate.
 40348 | Elf:2    | Found a huge runed translucent gate.
 40353 | Elf:2    | Found a huge runed translucent gate.
 40412 | Elf:2    | Found Peutiula's Gadget Shop.
 40412 | Elf:2    | Found Zuenip's Gadget Boutique.
 40413 | Elf:2    | Found Cocs's Magic Scroll Boutique.
 40417 | Elf:2    | Found Queteolyzi's Antique Weapon Shop.
 40433 | Elf:2    | Received a gift from Trog
 40442 | Elf:2    | Bought a scroll of acquirement for 988 gold pieces
 41277 | Elf:2    | Reached XP level 20. HP: 193/193 MP: 11/25
 41720 | Elf:3    | Entered Level 3 of the Elven Halls
 41792 | Elf:3    | Received a gift from Trog
 41912 | Elf:3    | Received a gift from Trog
 41943 | Elf:3    | Got a polished battleaxe {god gift}
 41945 | Elf:3    | Identified the cursed -1 hat of the Komtur {rC+ MP+9 Int-4
                  | Slay+3} (You found it on level 1 of the Elven Halls)
 42056 | Elf:3    | Identified the cursed +0 ring mail of Huacraiw {rElec MR+}
 42089 | Elf:3    | Identified a ring of the Octopus King {Wiz AC+1 EV+1 Str+1
                  | Int+1 Dex+1}
 42173 | Elf:3    | Identified the +6 flail "Ziucrute" {crush, Dex+2}
 42548 | Elf:3    | Reached skill level 10 in Evocations
 42681 | Elf:3    | Identified the amulet of Xom's Whimsicality {*Contam +Rage
                  | Str+5 Dex+3}
 43034 | Elf:3    | Received a gift from Trog
 43040 | Elf:3    | Identified the Grimoire of the Cankerous Glacier
 43053 | Elf:3    | Identified Advanced Steps in the Arcane Arts
 43594 | Vaults:1 | Entered Level 1 of the Vaults
 43594 | Vaults:1 | Found Asui's Antique Armour Shoppe.
 43618 | Vaults:1 | Bought a pair of glowing boots for 232 gold pieces
 43628 | Vaults:1 | Identified a +0 pair of boots of running (You bought it in
                  | a shop on level 1 of the Vaults)
 43668 | Vaults:1 | Received a gift from Trog
 43958 | Vaults:1 | Found Luraczyl's Gadget Boutique.
 44239 | Vaults:1 | Received a gift from Trog
 44708 | Vaults:1 | Reached XP level 21. HP: 187/207 MP: 12/28
 45316 | Vaults:1 | Found Ushroburr's Armour Shoppe.
 45386 | Vaults:1 | Found Wiewa's Armour Shoppe.
 45539 | Vaults:2 | Received a gift from Trog
 46238 | Vaults:2 | Identified the +7 battleaxe "Laekutuu" {holy, *Rage rElec
                  | Str+3} (Trog gifted it to you on level 3 of the Elven
                  | Halls)
 47018 | Vaults:2 | Received a gift from Trog
 47023 | Vaults:2 | Got a smoking battleaxe {god gift}
 48110 | Vaults:3 | Found a staircase to the Crypt.
 48347 | Vaults:3 | Reached XP level 22. HP: 197/224 MP: 13/31
 48611 | Vaults:3 | Received a gift from Trog
 49275 | Depths:1 | Entered Level 1 of the Depths
 49291 | Depths:1 | Found a gateway to Hell.
 49616 | Depths:1 | Found the +8 whip "Snakebite" {curare, rPois}
 49820 | Depths:1 | Found a one-way gate to the infinite horrors of the Abyss.
 50037 | Depths:1 | Identified the +8 mace "Fyoj" {crush, rElec Str-2 Int+7}
 50066 | Depths:1 | Received a gift from Trog
 50560 | Depths:1 | Found a runed translucent door.
 50731 | Depths:2 | Found a gateway to a ziggurat.
 50738 | Depths:2 | Found a magical portal.
 50751 | WizLab   | Entered Wucad Mu's Monastery
 50922 | WizLab   | Found the +9 staff of Wucad Mu {channel}
 51041 | WizLab   | Reached skill level 15 in Evocations
 51041 | WizLab   | Reached XP level 23. HP: 138/235 MP: 14/33
 51307 | Depths:2 | Received a gift from Trog
 51449 | Depths:2 | Received a gift from Trog
 51527 | Depths:2 | Paralysed by a floating eye for 2 turns
 51575 | Depths:2 | Noticed a juggernaut
 51586 | Depths:2 | Killed a juggernaut
 51632 | Depths:2 | Got a jewelled plate armour
 52237 | Depths:3 | Paralysed by a floating eye for 4 turns
 52956 | Depths:3 | Found a one-way gate leading to the halls of Pandemonium.
 52996 | Depths:3 | Received a gift from Trog
 53183 | Depths:3 | Reached skill level 27 in Fighting
 53201 | Depths:3 | Reached XP level 24. HP: 182/249 MP: 14/33
 53345 | Depths:3 | Identified the +6 plate armour "Kihe Caa" {+Inv rElec
                  | Dex+3} (You found it on level 2 of the Depths)
 53563 | Depths:3 | Paralysed by a floating eye for 4 turns
 53645 | Depths:3 | Paralysed by a floating eye for 2 turns
 53683 | Depths:3 | Identified the +9 hand axe "Ataut" {drain, rC+ MR+}
 54023 | Depths:3 | Got a faintly glowing wooden ring
 54173 | Depths:3 | Received a gift from Trog
 54184 | Depths:3 | Paralysed by a floating eye for 4 turns
 54852 | Depths:4 | Identified the ring of Pyromania {+Blink rF- rC+ rN+++
                  | Int-3} (You found it on level 3 of the Depths)
 55483 | Depths:4 | Noticed a greater mummy
 55493 | Depths:4 | Killed a greater mummy
 55662 | Depths:5 | Entered Level 5 of the Depths
 55675 | Depths:5 | Received a gift from Trog
 56341 | Depths:5 | Found a gate to the Realm of Zot.
 57334 | Depths:5 | Found a runed translucent door.
 57334 | Depths:5 | Noticed Quasyips's ghost (veteran MiFi)
 57383 | Depths:5 | Received a gift from Trog
 57844 | Vaults:4 | Reached XP level 25. HP: 201/257 MP: 14/35
 58046 | Vaults:4 | Received a gift from Trog
 58527 | Vaults:4 | Found Ihow's Weapon Shop.
 59109 | Vaults:5 | Entered Level 5 of the Vaults
 59122 | Vaults:5 | Received a gift from Trog
 59466 | Vaults:5 | Received a gift from Trog
 59551 | Vaults:5 | Received a gift from Trog
 59595 | Vaults:5 | Noticed an ancient lich
 59609 | Vaults:5 | Killed an ancient lich
 59648 | Vaults:5 | Got a pitted lead ring
 59944 | Vaults:5 | Identified the ring "Egi Majioh" {*Tele rC+ MR+ Str+4 SInv}
                  | (You found it on level 5 of the Vaults)
 60092 | Vaults:5 | Received a gift from Trog
 60119 | Vaults:5 | Reached XP level 26. HP: 221/266 MP: 14/35
 60413 | Vaults:5 | Noticed an ancient lich
 60429 | Vaults:5 | Killed an ancient lich
 60715 | Vaults:5 | Got a silver rune of Zot
 60755 | Vaults:5 | Received a gift from Trog
 61140 | Vaults:5 | Received a gift from Trog
 61938 | Zot:1    | Entered Level 1 of the Realm of Zot
 61946 | Zot:1    | Found a runed translucent gate.
 61946 | Zot:1    | Found a runed translucent gate.
 61949 | Zot:1    | Found a runed translucent gate.
 61950 | Zot:1    | Noticed prcrtr's ghost (adept FeEn)
 61982 | Zot:1    | Noticed an ancient lich
 62711 | Zot:1    | You fall into a shaft and drop 1 floor!
 63595 | Zot:2    | Received a gift from Trog
 63850 | Zot:3    | Reached XP level 27. HP: 219/273 MP: 0/36
 64277 | Zot:3    | Found a large runed translucent door.
 64278 | Zot:3    | Found a large runed translucent door.
 64550 | Zot:3    | Noticed Peloso's ghost (legendary MiFi)
 65765 | Zot:4    | Received a gift from Trog
 65931 | Zot:5    | Entered Level 5 of the Realm of Zot
 66084 | Zot:5    | Reached skill level 15 in Dodging
 66095 | Zot:5    | HP: 5/273 [Orb Guardian (14)]
 66101 | Zot:5    | HP: 11/273 [poisoned by a green draconian (blast of
                  | poison)]
 66913 | Zot:5    | Noticed an orb of fire
 66913 | Zot:5    | Gained mutation: You tend to lose your temper in combat.
                  | [an orb of fire]
 66928 | Zot:5    | HP: 2/273 [orb of fire/fireball (42)]
 66933 | Zot:5    | Killed from afar by an orb of fire

Levels and vault maps discovered:
D:1:      minmay_arrival_arboretum_small, layout_basic, ashenzari_altar_1
D:2:      layout_loops_ring, minmay_quantized
D:3:      layout_loops_corners
D:4:      layout_cave_pods, nicolae_qazlal_style_of_elements
D:5:      layout_layer_cave, nicolae_ru_awakened_eye, serial_shops,
          nicolae_shop_competitors_out_of_business, first_ration
D:6:      layout_basic, nicolae_overflow_hidden_temple, bloody_trog,
          elyvilon_altar_5, uniq_menkaure
D:7:      statuecave_lemuel, layout_gridville, minmay_temple_entry_purple_smoke,
          grunt_livestock, uniq_pikel, uniq_duvessa
D:8:      layout_basic, led_sif_book, tgw_kikubaaqudgha
D:9:      layout_big_octagon, lemuel_crystal_altar, corner_web_ring, uniq_grum
D:10:     layout_small_grid, enter_trove_1
D:11:     layout_basic
D:12:     minmay_the_grid_octo_tiled_squarecenter
          [minmay_the_grid_octo_pinwheel, minmay_the_grid_octo_fan_narrow,
          minmay_the_grid_octo_clover, minmay_the_grid_octo_horde,
          minmay_the_grid_square_5x5_megaprize_crossed,
          minmay_the_grid_square_5x5_hourglass,
          minmay_the_grid_square_5x5_corner,
          minmay_the_grid_square_5x5_spiral_small,
          minmay_the_grid_square_5x5_three_walls], layout_loops_corners,
          orc_0_dummy, chequers_serial_rivers_micro_d
D:13:     layout_rooms, grunt_vaults_entry_fortified
D:14:     layout_irregular_city, moated_statue, serial_shops,
          nicolae_shop_waterfront, shop, nicolae_shop_waterfront,
          shop_fountains, nicolae_shop_competitors_out_of_business,
          grunt_potential, uniq_kirke
D:15:     hangedman_depths_entry_civil_slaughter, layout_rooms, minivault_27,
          uniq_louise
Lair:1:   layout_regular_city, serial_bayou_shore_b, serial_bayou_shore_a
Lair:2:   layout_hall_layers, nicolae_volcano_entry_hallway
Lair:3:   lemuel_slime, layout_chaotic_city, skrybe_swamp_entry_bodies,
          minivault_11, nicolae_quartered_pool_super, minmay_lindwurm_lava,
          uniq_sonja
Lair:4:   layout_regular_city, guppyfry_snake_entry_garden, st_stairs_6,
          ice2_lemuel
Lair:5:   layout_roguey
Lair:6:   hangedman_lair_in_review, layout_gridlike, guppyfry_lair_end_dragon,
          slime_altar_1
Swamp:1:  layout_basic_swamp, evilmike_swamp_ruin_rubble_1
Swamp:2:  layout_basic_swamp, serial_swamp_ruin, hangedman_swamp_ruin_wall,
          evilmike_swamp_ruin_house_2, evilmike_swamp_ruin_house_5
Swamp:3:  layout_falls_marsh, evilmike_swamp_ruin_house_4, ldierk_geyser,
          infiniplex_staircase_pool
Swamp:4:  grunt_swamp_rune_castle, layout_basic_swamp, roderic_carrion_pond,
          uniq_aizul
Snake:1:  layout_gridlike, portal_ice_cave_entry_ice_statue_one,
          gammafunk_ghost_cemetery, grunt_megastairs_5
Snake:2:  layout_honeycomb, basic_altar, minmay_shop_grove, uniq_vashnia
Snake:3:  layout_misc_corridors, serial_bayou_lagoon_a
Snake:4:  grunt_snake_rune_serpentine_throne, layout_cave_town, serial_shops,
          shop
Orc:1:    layout_diamond_mine, statue_in_the_mist_lemuel,
          nicolae_orc_sculptors_studio, elves_outpost_lemuel
Orc:2:    st_orc_ogre_mass, layout_diamond_mine, gauntlet_entry_generic,
          nicolae_orc_pool_cavern, rock_pile, uniq_azrael
Elf:1:    layout_onion_city, serial_shops, shop_coins, hangedman_elf_represent
Elf:2:    layout_onion_city, minmay_shoptagon
Elf:3:    minmay_elf_hall_curves, layout_loops_cross
Vaults:1: ontoclasm_vaults_misaligned, nicolae_vaults_windows_and_doors_thing,
          v_misc_29, v_rooms_1, hangedman_vaults_maws,
          nicolae_vaults_border_crossing, vaults_room_semicircle,
          nicolae_vaults_network_star, layout_vaults_maze, serial_shops,
          nicolae_shop_crystal, nicolae_shop_stone, shop, shop
Vaults:2: nicolae_vaults_network_periphery,
          vaults_standard_mumra_enter_the_diamond, vaults_room_semicircle,
          ontoclasm_vaults_hangar, nicolae_vaults_network_square,
          nicolae_vaults_sealed_display, hangedman_vaults_snaps,
          grunt_vaults_swirl, vaults_room_stairs_pillars,
          nicolae_vaults_diagonal_hallway_8, ontoclasm_vaults_shout,
          layout_vaults_big_cross
Vaults:3: nicolae_vaults_triangles, minmay_crypt_entry_vampire_xt,
          hangedman_vaults_cutoff, vaults_standard_mumra_enter_the_diamond,
          hangedman_vaults_nails, vaults_room_corners,
          nicolae_vaults_little_squares_1, nicolae_vaults_three_branches,
          vaults_room_large_hall, nicolae_vaults_shelves_hall,
          layout_vaults_chaotic_city
Vaults:4: v_misc_2, vaults_mumra_chevron, v_pattern_2,
          nicolae_vaults_circle_grid_a, v_alt_pattern_2,
          ontoclasm_vaults_ring_small, v_misc_32, vaults_dpeg_encased_lava,
          dpeg_vaults_monster_row, v_misc_29, nicolae_vaults_asterisk,
          hangedman_vaults_stretched_pinwheel, ontoclasm_vaults_decontamination,
          vaults_room_pools, layout_vaults_ring, serial_shops,
          nicolae_shop_statue_plus
Vaults:5
Depths:1: minmay_sliced_demisemicircle, layout_basic, hell_entry, abyss_entry,
          kennysheep_donut, minmay_crystal_box
Depths:2: cross_vault, layout_cave_pools, enter_ziggurat_f, hell_entry,
          nicolae_twisting_strands, infiniplex_enter_wizlab_glasses
Depths:3: little_maze_vault, layout_gridlike, grunt_decor_one_mirror,
          hell_entry, pan_entry, infiniplex_staircase_trident
Depths:4: lemuel_minitomb, layout_cave_pools, rand_demon_pan_entry_3,
          hell_entry, abyss_entry, hangedman_abyss_or_decor_stagger,
          hangedman_abyss_or_decor_passed, kennysheep_another_room, wad_dig_loot
Depths:5: grunt_x_marks_the_spot, layout_basic, ebering_ghost_inner_flame,
          serial_glass, glass_columns_b, glass_columns_a, glass_columns_c,
          glass_columns_a, feat_on_display, minmay_strange_pillars,
          minmay_strange_pillars, item_on_display_b, grunt_pan_entry_in_and_out,
          hell_entry
Zot:1:    layout_cathedral_of_symmetry, gammafunk_ghost_necromancy
Zot:2:    layout_basic
Zot:3:    layout_basic, ebering_ghost_disaster_area
Zot:4:    layout_concentric_octagons
Zot:5:    layout_gridlike

Skill      XL: |  1  2  3  4  5  6  7  8  9 10 11 12 13 14 15 16 17 18 19 20 21 22 23 24 25 26 27 |
---------------+----------------------------------------------------------------------------------+-----
Axes           | 4 5 6 7 9 11 13 14 16 18 19 21 22 23 24 25 26 27 | 27.0
Fighting       | 4 5 7 9 11 13 14 15 16 17 19 22 24 25 27 | 27.0
Armour         | 4 7 9 11 12 14 15 16 18 21 22 23 | 23.8
Throwing       | 2 6 7 |  7.3
Dodging        | 4 8 10 11 13 15 | 15.4
Evocations     | 1 8 11 13 15 18 19 20 21 | 21.5

Action                   |  1- 3 |  4- 6 |  7- 9 | 10-12 | 13-15 | 16-18 | 19-21 | 22-24 | 25-27 || total
-------------------------+-------+-------+-------+-------+-------+-------+-------+-------+-------++-------
Melee: Hand axe          |    87 |   172 |   272 |   305 |       |       |       |       |       ||   836
       Headbutt          |    13 |    32 |    51 |   126 |   254 |   322 |   369 |   366 |   375 ||  1908
       Battleaxe         |       |       |       |   273 |   872 |       |       |       |       ||  1145
       Executioner's axe |       |       |       |       |    91 |  1267 |  1261 |   988 |   979 ||  4586
Throw: Throwing net      |       |       |       |       |     3 |       |       |       |       ||     3
       Javelin           |       |       |       |       |       |     3 |     4 |     1 |       ||     8
Invok: Berserk           |       |     1 |     6 |     4 |     5 |     2 |       |     2 |       ||    20
       Trog's Hand       |       |       |     1 |     1 |     2 |     4 |     3 |     2 |     4 ||    17
       Brothers in Arms  |       |       |       |       |       |       |     1 |     1 |     6 ||     8
Evoke: Wand              |       |       |    16 |    48 |       |    13 |       |       |       ||    77
       Sack of spiders   |       |       |       |       |       |       |       |       |     2 ||     2
       Phantom mirror    |       |       |       |       |       |       |       |       |     1 ||     1
  Use: Scroll            |     1 |    13 |     4 |     5 |    16 |    18 |    13 |     4 |    18 ||    92
       Potion            |       |       |       |     8 |     5 |     4 |     7 |     5 |    10 ||    39
 Stab: Sleeping          |       |       |     2 |       |       |       |       |       |       ||     2
       Distracted        |       |       |       |     1 |     1 |       |     2 |     4 |     3 ||    11
       Petrified         |       |       |       |       |     2 |       |       |       |       ||     2
       Held in net/web   |       |       |       |       |     1 |       |       |       |       ||     1
       Petrifying        |       |       |       |       |     1 |       |       |       |       ||     1
       Confused          |       |       |       |       |       |     2 |       |       |     5 ||     7
       Invisible         |       |       |       |       |       |       |       |     2 |     8 ||    10
  Eat: Chunk             |     1 |     6 |    15 |    22 |    37 |    19 |    19 |    21 |     2 ||   142
       Ration            |       |     1 |     1 |     1 |     1 |     7 |     6 |     6 |     9 ||    32
Armor: Animal skin       |    26 |    38 |    53 |       |       |       |       |       |       ||   117
       Robe              |       |       |    13 |    41 |       |       |       |       |       ||    54
       Crystal plate arm |       |       |       |   280 |   640 |   955 |   594 |   636 |   633 ||  3738
Dodge: Dodged            |    76 |    78 |   122 |   190 |   230 |   560 |   451 |   436 |   528 ||  2671
Block: Other             |       |       |       |       |       |    42 |   146 |   135 |   145 ||   468
       Reflection        |       |       |       |       |       |     3 |    30 |    13 |    11 ||    57

Table legend:
 A = Non-vault XP
 B = Vault XP
 C = Vault XP percentage of total XP
 D = Non-vault monster count
 E = Vault monster count
 F = Vault count percentage of total count
                 A         B        C        D         E       F
            +---------+---------+-------+---------+---------+-------
      Total |  824909 |  645120 |  43.9 |    1626 |     832 |  33.8
            +---------+---------+-------+---------+---------+-------
        D:1 |      57 |       0 |   0.0 |      29 |       0 |   0.0
        D:2 |     104 |      59 |  36.2 |      39 |       4 |   9.3
        D:3 |      66 |       0 |   0.0 |      21 |       0 |   0.0
        D:4 |     352 |       0 |   0.0 |      16 |       0 |   0.0
        D:5 |     152 |       0 |   0.0 |       5 |       0 |   0.0
        D:6 |     943 |     934 |  49.8 |      34 |       5 |  12.8
        D:7 |    1228 |     930 |  43.1 |      27 |       4 |  12.9
        D:8 |    1217 |     196 |  13.9 |      29 |       3 |   9.4
        D:9 |    1153 |     539 |  31.9 |      24 |       4 |  14.3
       D:10 |    3382 |       0 |   0.0 |      35 |       0 |   0.0
       D:11 |    1730 |       0 |   0.0 |      19 |       0 |   0.0
       D:12 |    5916 |   11661 |  66.3 |      48 |      28 |  36.8
       D:13 |    8123 |    7327 |  47.4 |      27 |      10 |  27.0
       D:14 |   13360 |    5931 |  30.7 |      44 |      18 |  29.0
       D:15 |   12420 |    6987 |  36.0 |      35 |       7 |  16.7
     Lair:1 |    4969 |       0 |   0.0 |      22 |       0 |   0.0
     Lair:2 |    2925 |       0 |   0.0 |      12 |       0 |   0.0
     Lair:3 |    4688 |    3834 |  45.0 |      18 |      24 |  57.1
     Lair:4 |    3717 |    2087 |  36.0 |      16 |      12 |  42.9
     Lair:5 |   11086 |       0 |   0.0 |      33 |       0 |   0.0
     Lair:6 |    8162 |   14872 |  64.6 |      39 |      33 |  45.8
    Swamp:1 |   18760 |       0 |   0.0 |      45 |       0 |   0.0
    Swamp:2 |   10642 |       0 |   0.0 |      25 |       0 |   0.0
    Swamp:3 |    8706 |       0 |   0.0 |      24 |       0 |   0.0
    Swamp:4 |   11528 |   24769 |  68.2 |      25 |      39 |  60.9
    Snake:1 |   12441 |   10492 |  45.8 |      22 |      15 |  40.5
    Snake:2 |   23385 |    9061 |  27.9 |      44 |       6 |  12.0
    Snake:3 |   19900 |       0 |   0.0 |      32 |       0 |   0.0
    Snake:4 |   33436 |   46052 |  57.9 |      64 |      65 |  50.4
      Orc:1 |    3585 |    4080 |  53.2 |      38 |       7 |  15.6
      Orc:2 |    2544 |   23897 |  90.4 |      38 |      52 |  57.8
      Elf:1 |   11747 |    5941 |  33.6 |      18 |       8 |  30.8
      Elf:2 |   16415 |   25434 |  60.8 |      27 |      30 |  52.6
      Elf:3 |   13710 |   40965 |  74.9 |      22 |      30 |  57.7
   Vaults:1 |   40517 |   36083 |  47.1 |      79 |      50 |  38.8
   Vaults:2 |   34316 |   24735 |  41.9 |      61 |      29 |  32.2
   Vaults:3 |   22923 |   19682 |  46.2 |      31 |      27 |  46.6
   Vaults:4 |   43042 |   27174 |  38.7 |      71 |      33 |  31.7
   Vaults:5 |   48591 |  139551 |  74.2 |      72 |      96 |  57.1
   Depths:1 |   26092 |   14283 |  35.4 |      37 |      12 |  24.5
   Depths:2 |   40958 |   13367 |  24.6 |      60 |       7 |  10.4
   Depths:3 |   40144 |   37334 |  48.2 |      49 |      30 |  38.0
   Depths:4 |   18577 |   14777 |  44.3 |      20 |      24 |  54.5
   Depths:5 |   40989 |   29082 |  41.5 |      40 |      31 |  43.7
      Zot:1 |   39582 |       0 |   0.0 |      22 |       0 |   0.0
      Zot:2 |   39863 |       0 |   0.0 |      27 |       0 |   0.0
      Zot:3 |   51198 |       0 |   0.0 |      21 |       0 |   0.0
      Zot:4 |   42932 |       0 |   0.0 |      28 |       0 |   0.0
      Zot:5 |   22636 |   20326 |  47.3 |      12 |       8 |  40.0
      IceCv |       0 |   11129 | 100.0 |       0 |      59 | 100.0
    Volcano |       0 |    3051 | 100.0 |       0 |       8 | 100.0
     WizLab |       0 |    1127 | 100.0 |       0 |       1 | 100.0
   Gauntlet |       0 |    7371 | 100.0 |       0 |      13 | 100.0
            +---------+---------+-------+---------+---------+-------
